 Dungeon Crawl Stone Soup version 0.15.0-22-g71df38d (console) character file.

9 rchandra the Caller (level 2, -2/26 HPs)
             Began as a Troll Summoner on Sept 8, 2014.
             Killed by divine providence
             ... invoked by an orc priest
              (8 damage)
             ... on Level 4 of the Dungeon.
             The game lasted 00:00:37 (157 turns).

rchandra the Caller (Troll Summoner)                 Turns: 157, Time: 00:00:37

HP  -2/26        AC  5     Str 15      XL: 2   Next:  3%
MP   2/2         EV  9     Int 11      God:
Gold 30          SH  0     Dex 10      Spells:  1 memorised,  2 levels left

rFire  . . .     SeeInvis .       - Unarmed
rCold  . . .     Clarity  .     a - +0 robe
rNeg   . . .     rCorr    .     (shield restricted)
rPois  .         rRot     .     (helmet restricted)
rElec  .         Spirit   .     (no cloak)
SustAb .         Warding  .     (gloves unavailable)
rMut   .         Stasis   .     (boots unavailable)
Gourm  +                        (no amulet)
MR     .....                    (no ring)
                                (no ring)

@: not resistant to hostile enchantments, very unstealthy
A: unfitting armour, claws 3, fast metabolism 3, gourmand, regeneration 2,
saprovore 2, shaggy fur 1, tough skin 2
a: no special abilities


You were on level 4 of the Dungeon.
You were not hungry.

You visited 1 branch of the dungeon, and saw 4 of its levels.

You collected 30 gold pieces.

Inventory:

Missiles
 e - 29 stones (quivered)
Armour
 a - a +0 robe (worn)
Comestibles
 c - 2 meat rations
Scrolls
 d - a scroll of teleportation {unknown}
 f - 2 scrolls of identify {unknown}
Books
 b - a book of Callings

   Spells                             Type                      Level
   *Summon Small Mammal               Summoning                    1
   Call Imp                           Summoning                    2
   Call Canine Familiar               Summoning                    3
   Summon Guardian Golem              Hexes/Summoning              4
   Summon Lightning Spire             Summoning/Air                4
   Summon Ice Beast                   Ice/Summoning                4


   Skills:
 + Level 0.7 Fighting
 - Level 1.5 Dodging
 - Level 1.1 Stealth
 * Level 1.2 Unarmed Combat
 - Level 1.2 Spellcasting
 - Level 2.9 Summonings


You had 2 spell levels left.
You knew the following spells:

 Your Spells              Type           Power        Failure   Level  Hunger
y - Summon Small Mammal   Summ           #...         12%         1    ##.....


Dungeon Overview and Level Annotations

Branches:
Dungeon (4/15)
 Temple: D:4-7

Altars:
The Shining One

Annotations:
D:4 Blork the orc


Innate Abilities, Weirdness & Mutations

You are too large for most types of armour.
You have claws for hands.
Your metabolism is lightning-fast.
You like to eat raw meat.
You heal very quickly.
You can eat rotten meat.
You are covered in fur (AC +1).
You have very tough skin (AC +2).


Message History

Huge Dmg: -31%(-8hp) hp: 16%(4hp)
You barely miss the orc priest.
The orc priest is heavily wounded.
The orc wizard shouts!
The orc priest completely misses you.
Blork the orc screams, "I don't like you!"
The orc wizard moves out of view.
The orc priest becomes somewhat translucent.
Unknown command.
You scratch the orc priest.
The orc priest is severely wounded.
The orc priest barely misses you.
You closely miss the orc priest.
The orc priest is severely wounded.
Blork the orc mumbles some strange words.
Blork the orc seems to speed up.
You closely miss the orc.
The orc priest calls down the wrath of Beogh upon you.
Something smites you!
You die...

.#.......#. .#.. #
.........# #..# .#
#..# #...# #..##.#
#..# #...###&....#
#..###...........#
#............?...#
#..............###
##.####.###.....#.#
...####.#.......T.#
#.......#.#######o#
#.####....# o#
#.####.##.# o#
#(##......# s#
.....#....# .#
..####..#.# o#
#.........# o.
#.####........ .


You could see Blork the orc, 2 orc priests, an orc wizard, an orc and a giant
cockroach.

Vanquished Creatures
  A worm (D:4)
  A goblin (D:4)
  2 giant newts (D:1 D:2)
4 creatures vanquished.

Notes
Turn   | Place    | Note
--------------------------------------------------------------
     0 | D:1      | rchandra, the Troll Summoner, began the quest for the Orb.
     0 | D:1      | Reached XP level 1. HP: 16/16 MP: 2/2
    21 | D:1      | Found a glowing golden altar of the Shining One.
   139 | D:4      | Huge Dmg: 5 dmg
   146 | D:4      | Reached skill level 1 in Unarmed Combat
   146 | D:4      | Reached XP level 2. HP: 15/26 MP: 2/2
   148 | D:4      | Noticed an orc priest
   151 | D:4      | Noticed an orc priest
   153 | D:4      | Huge Dmg: 6 dmg
   154 | D:4      | Noticed Blork the orc
   154 | D:4      | Noticed an orc wizard
   154 | D:4      | Huge Dmg: 8 dmg
   157 | D:4      | Killed from afar by an orc priest

Action                   || total
-------------------------++-------
Melee: Unarmed           ||    20
  Eat: Chunk             ||     2

Vault maps used:
D:1:      dpeg_arrival_short_road, minmay_misc_feat_cross, st_stairs_4,
          tso_metal_star
D:3:      lemuel_round_altar, first_bread, minmay_goblin_outpost, uniq_grinder
D:4:      kennysheep_little_box, corexii_checkpoint_b, minmay_small_thing,
          uniq_blork_the_orc, uniq_prince_ribbit1
